[Event "Late-Titled-Tuesday-Blitz-October-17-2023"]
[Site "Chess.com"]
[Date "2023.10.17"]
[Round "6"]
[White "AlexNovitz"]
[Black "santosalberto1987"]
[Result "1-0"]
[WhiteElo "2230"]
[BlackElo "2403"]
[TimeControl "180+1"]
[EndTime "15:06:15 PDT"]
[Termination "AlexNovitz won by resignation"]

1. e4 e6 2. d4 d5 3. e5 c5 4.
c3 Qb6 5. Nf3 Nc6 6. a3 a5 7. a4 Bd7 8. Bb5 Nge7 9. O-O Nf5 10. Be3 Be7 11. Nbd2 O-O 12. dxc5 Nxe3 13. cxb6 Nxd1 14. Raxd1 Bc5 15. Nb3 Bxb6 16. Nbd4 Nxd4 17. cxd4 Bxb5 18. axb5 Rfc8 19. Rc1 Kf8 20. Rfd1 Ke7 21. Kf1 h6 22. Ke2 Kd7 23. Kd3 a4 24. Rxc8 Kxc8 25. Ra1 Ra5 26. Kc3 Kd7 27. b4 axb3 28. Rxa5 Bxa5+ 29.
Kxb3 Kc7 30. Ka4 Kb6 31. g4 g6 32. h3 g5 33. Ng1 Be1 34. f3 Bf2 35. Ne2 Be3 36. Kb4 Bd2+ 37. Ka4 Be1 38. Ng1 Bf2 39. Ne2 Bxd4 40. Nxd4 Kc5 41. Nb3+ Kc4 42. Na5+ Kc3 43. Nxb7 d4 44. Nc5 Kc4 45. Ne4 Kd5 46. b6 Kc6 47. Ka5 d3 48. Ka6 1-0

[Event "Late-Titled-Tuesday-Blitz-October-17-2023"]
[Site "Chess.com"]
[Date "2023.10.17"]
[Round "6"]
[White "KorolDimitriy75"]
[Black "Gyulamiryan-koryun"]
[Result "1-0"]
[WhiteElo "2332"]
[BlackElo "1951"]
[TimeControl "180+1"]
[EndTime "15:06:15 PDT"]
[Termination "KorolDimitriy75 won on time"]

1. d4 Nf6 2. c4 c5 3. d5 b5 4. Nd2 g6 5. b3 b4 6. Bb2 Bg7 7. e4 d6 8. Ngf3 O-O 9. Bd3 a5 10. a4 bxa3 11. Rxa3 Na6 12. O-O Nb4 13. Bb1 Nd7 14.
Bxg7 Kxg7 15. Re1 e5 16. dxe6 fxe6 17. e5 d5 18. Qe2 d4 19. Be4 Ra7 20. h4 Bb7 21.
Ng5 Qe7 22. Bxb7 Rxb7 23. Rxa5 Rf5 24. Ngf3 d3 25. Qe4 Nb8 26. Rxc5 Nc2 27. Rb1 Rd7 28.
Ra5 Nd4 29. Nxd4 Rxd4 30. Qxd4 Nc6 31. Qb6 Nxa5 32. Qxa5 Rxe5 33. Qc3 Qf6 34. Nf3 1-0

[Event "Late-Titled-Tuesday-Blitz-October-17-2023"]
[Site "Chess.com"]
[Date "2023.10.17"]
[Round "6"]
[White "Casablanca"]
[Black "Giorno"]
[Result "0-1"]
[WhiteElo "2740"]
[BlackElo "2556"]
[TimeControl "180+1"]
[EndTime "15:06:20 PDT"]
[Termination "Giorno won by resignation"]

1. d4 Nf6 2. Bg5 e6 3. Nd2 h6 4. Bh4 Be7 5. e3 d5 6. c3 c5 7. Bd3 Nc6 8. Ngf3 O-O 9. O-O cxd4 10. exd4 Nh5 11. Bxe7 Qxe7 12. Re1 Nf4 13. Bf1 Qf6 14. Ne5 Ng6 15. Nxg6 Qxg6 16. Nf3 Bd7 17. Qd3 Qxd3 18.
Bxd3 Rfc8 19. a4 Na5 20. Ne5 Be8 21. b4 Nb3 22. Ra3 Rxc3 23. Rb1 Rc1+ 24. Rxc1 Nxc1 25. Bf1 Rc8 26. f3 Rc2 27. Nd3 Nxd3 28. Bxd3 Rb2 29. Rc3 Kf8 30. b5 Rb4 31. Rc7 Rxd4 32. Be2 Rxa4 33. Rxb7 e5 34. Rb8 Ke7 35. b6 Ra1+ 36. Kf2 axb6 37. Rb7+ Kd6 38. Rxb6+ Kc7 39. Rb2 Bc6 40. g3 Ra3 41. h4 f5 42. Rd2 d4 43. f4 Kd6 44. fxe5+ Kxe5 45. Rc2 Kd6 46. Rc4 Ra4 47. Rxa4 Bxa4 48. Bd3 Ke5 49. Kf3 Bc6+ 50. Kf2 Be4 51. Bc4 g5 52. hxg5 hxg5 53. Bf1 f4 54.
gxf4+ Kxf4 55. Bc4 g4 56. Bb5 g3+ 57. Kg1 Ke3 58. Kf1 Bd3+ 59. Kg1 0-1

[Event "Late-Titled-Tuesday-Blitz-October-17-2023"]
[Site "Chess.com"]
[Date "2023.10.17"]
[Round "6"]
[White "Polish_fighter3000"]
[Black "jcibarra"]
[Result "1-0"]
[WhiteElo "3062"]
[BlackElo "2912"]
[TimeControl "180+1"]
[EndTime "15:06:21 PDT"]
[Termination "Polish_fighter3000 won on time"]

1. c4 e5 2. Nc3 Nf6 3. Nf3 e4 4. Ng5 c6 5. Qa4 Qe7 6. Qc2 b5 7. cxb5 d5 8. e3 c5 9. d3 h6 10.
Nh3 exd3 11. Bxd3 Bxh3 12. gxh3 Nbd7 13. Bd2 g6 14. h4 Bg7 15. h5 g5 16. O-O-O O-O 17.
h4 g4 18. Bf5 Ne5 19. Ne2 Rab8 20. Bc3 Rxb5 21. Bd3 Rb6 22. Ng3 Qe6 23. Nf5 d4 24. exd4 cxd4 25. Nxg7 Kxg7 26. Bf5 Qxa2 27. Rxd4 Rfb8 28.
Ra4 Qd5 29. Rd1 Qf3 30. Bxe5 Rc6 31. Bc3 Rb5 32. Bxg4 Qg2 33. Be2 Kf8 34. Bxb5 1-0

[Event "Late-Titled-Tuesday-Blitz-October-17-2023"]
[Site "Chess.com"]
[Date "2023.10.17"]
[Round "6"]
[White "The_Princess_Moon"]
[Black "Aariow"]
[Result "0-1"]
[WhiteElo "2336"]
[BlackElo "2470"]
[TimeControl "180+1"]
[EndTime "15:06:21 PDT"]
[Termination "Aariow won by checkmate"]

1. e4 c5 2. Nf3 Nc6 3. Bb5 g6 4. Bxc6 dxc6 5. O-O Bg7 6. h3 e5 7. d3 b6 8. a4 a5 9. c3 Ba6 10. c4 f6 11. Nc3 Nh6 12. Be3 O-O 13. Nh2 Nf7 14.
f4 exf4 15. Bxf4 Qd7 16. Qc2 Rad8 17. Rad1 Ng5 18. Bxg5 fxg5 19. Rxf8+ Bxf8 20. Ng4 Bg7 21. Kh1 h5 22. Nh2 g4 23. hxg4 hxg4 24. Qf2 Bd4 25. Qh4 Kg7 26. e5 Bxe5 27. Qxg4 Qxg4 28. Nxg4 Rh8+ 29. Kg1 Bd4+ 30. Kf1 Rf8+ 31. Ke2 Bc8 32. Ne3 Re8 33. Ne4 Bf5 34. Nxf5+ gxf5 35. Kf3 fxe4+ 36.
dxe4 Kf6 37. Rh1 Rf8 38. Rh6+ Ke5+ 39. Ke2 Kxe4 40. Rh4+ Rf4 41. Rh6 Rf2+ 42. Ke1 Rxb2 43. Rxc6 Ke3 44. Re6+ Kd3 45. g4 Rb1# 0-1

[Event "Late-Titled-Tuesday-Blitz-October-17-2023"]
[Site "Chess.com"]
[Date "2023.10.17"]
[Round "6"]
[White "olawsson"]
[Black "NotFischer"]
[Result "0-1"]
[WhiteElo "2082"]
[BlackElo "2262"]
[TimeControl "180+1"]
[EndTime "15:06:23 PDT"]
[Termination "NotFischer won on time"]

1. d4 Nf6 2. c4 e6 3. Nf3 d5 4.
Nc3 Be7 5. Bg5 Nbd7 6. e3 c6 7. Rc1 O-O 8. Bd3 dxc4 9. Bxc4 b5 10. Bd3 Bb7 11. O-O b4 12. Na4 Rc8 13. Nc5 Nxc5 14.
dxc5 Qa5 15. Bb1 Ba6 16. Qc2 g6 17. Rfd1 Rfd8 18. Nd4 Rd5 19. Bh4 Rxc5 20. Qb3 Rxc1 21. Rxc1 c5 22. Nf3 c4 23. Qd1 Rd8 24. Qc2 Qd5 25.
Nd4 e5 26. Nf3 Kg7 27. Bg3 Bd6 28. h3 e4 29. Bxd6 exf3 30. Be7 Rd7 31. Bxf6+ Kxf6 32. g3 Kg7 33. Qe4 Qxe4 34. Bxe4 Rd2 35. Bxf3 Rxb2 36. Bd5 c3 37. Bb3 Bb5 0-1

[Event "Late-Titled-Tuesday-Blitz-October-17-2023"]
[Site "Chess.com"]
[Date "2023.10.17"]
[Round "6"]
[White "Rodalquilar"]
[Black "Emp3rador"]
[Result "1-0"]
[WhiteElo "2773"]
[BlackElo "2533"]
[TimeControl "180+1"]
[EndTime "15:06:24 PDT"]
[Termination "Rodalquilar won by checkmate"]

1. d4 d5 2. Nf3 Nf6 3. Bf4 Bf5 4. e3 e6 5. Ne5 h6 6. g4 Bh7 7. h4 Nbd7 8. g5 Ne4 9. g6 Bxg6 10.
Nxg6 fxg6 11. Qg4 Qf6 12. f3 Nd6 13. Bh3 Nf5 14. Nd2 Bd6 15. O-O-O h5 16. Qg5 Qxg5 17. Bxg5 O-O 18. Rdg1 Rae8 19. Rg2 Kh7 20. Rhg1 e5 21. e4 exd4 22. exf5 gxf5 23. Kd1 g6 24. Nb3 c5 25.
Nc1 Ne5 26. Rf1 Re6 27. Ne2 Nc4 28. b3 Ne3+ 29. Bxe3 Rxe3 30. Rfg1 Rf6 31. Nc1 c4 32. Ne2 d3 33. cxd3 cxd3 34. Nd4 Bb4 35. Rxg6 Rxg6 36. Bxf5 Bc3 37. Bxg6+ Kh6 38. Nf5# 1-0

[Event "Late-Titled-Tuesday-Blitz-October-17-2023"]
[Site "Chess.com"]
[Date "2023.10.17"]
[Round "6"]
[White "Mikhal867"]
[Black "HanSchut"]
[Result "0-1"]
[WhiteElo "2421"]
[BlackElo "2326"]
[TimeControl "180+1"]
[EndTime "15:06:24 PDT"]
[Termination "HanSchut won on time"]

1. d4 Nf6 2. g3 d5 3. Bg2 g6 4. c4 Bg7 5. Nc3 dxc4 6. Nf3 O-O 7. O-O c6 8. a4 h6 9. a5 Nd5 10. Qa4 Be6 11. Nd2 b5 12. axb6 Nxb6 13. Qa5 Qxd4 14. Nf3 Qd8 15. Rd1 Nd5 16. Qa3 Qd6 17. Qa4 Nd7 18. Bf4 N7b6 19. Qa6 Qb4 20. Bd2 Nxc3 21. bxc3 Qb5 22. Qb7 Rfb8 23. Qxe7 Qh5 24. Rxa7 Nd5 25. Rxa8 Nxe7 26. Rxb8+ Kh7 27. Be3 Nd5 28. Bd4 Nxc3 29. Bxc3 Bxc3 30. Rdd8 Bf6 31. Re8 c3 32. Ne1 Qf5 33.
e4 Qc5 0-1

[Event "Late-Titled-Tuesday-Blitz-October-17-2023"]
[Site "Chess.com"]
[Date "2023.10.17"]
[Round "6"]
[White "talaicito"]
[Black "egnfanclub"]
[Result "1-0"]
[WhiteElo "2228"]
[BlackElo "2345"]
[TimeControl "180+1"]
[EndTime "15:06:24 PDT"]
[Termination "talaicito won on time"]

1. d4 d5 2. Nc3 Nf6 3. Bf4 Bf5 4. e3 e6 5. Nf3 c5 6. Nb5 Na6 7. c3 Be7 8. Ne5 Nd7 9. g4 Nxe5 10. gxf5 Nc6 11. fxe6 fxe6 12. Bh3 cxd4 13. Bxe6 Nc5 14. Bxd5 Rc8 15. Qh5+ g6 16. Qf3 Nd3+ 17. Kf1 Nxf4 18. exf4 dxc3 19. bxc3 a6 20. Nd4 Nxd4 21. cxd4 Rc7 22. Re1 Kf8 23. Kg2 Kg7 24. Rd1 Rf8 25. Be4 Bd6 26. f5 Qg5+ 27. Kf1 Rc1 28. Rg1 Rxd1+ 29.
Qxd1 Qf4 30. Qf3 Qxh2 31. Bxb7 Qh4 32. Qe4 Qf6 33. Bxa6 Rb8 34. Bd3 Rb2 35. a4 1-0

[Event "Late-Titled-Tuesday-Blitz-October-17-2023"]
[Site "Chess.com"]
[Date "2023.10.17"]
[Round "6"]
[White "Siemba"]
[Black "PushingpawnsNYC"]
[Result "1-0"]
[WhiteElo "2577"]
[BlackElo "2345"]
[TimeControl "180+1"]
[EndTime "15:06:25 PDT"]
[Termination "Siemba won by resignation"]

1. e4 c5 2. Nf3 e6 3. d4 cxd4 4. Nxd4 a6 5. c4 Qc7 6. Nc3 b6 7. Be2 Bb7 8. O-O Nf6 9. f3 Nc6 10. Be3 Be7 11. a3 h5 12. Nxc6 Bxc6 13. b4 Bd6 14. h3 Bh2+ 15. Kh1 Bf4 16. Qd2 g5 17. Rac1 Qe5 18. Qd4 Qxd4 19. Bxd4 e5 20. Bxb6 g4 21.
Rcd1 gxh3 22. gxh3 h4 23. Bd3 Nh5 24. Ne2 Ng3+ 25.
Nxg3 hxg3 26. Kg2 Ke7 27. Rh1 Rh4 28. Bc5+ d6 29. Bb6 Rah8 30. c5 Bd7 31. cxd6+ Kf6 32. Bc4 Rxh3 33. Rxh3 Rxh3 34. Rh1 Rxh1 35. Kxh1 Bb5 36.
Bxb5 axb5 37. d7 1-0

[Event "Late-Titled-Tuesday-Blitz-October-17-2023"]
[Site "Chess.com"]
[Date "2023.10.17"]
[Round "6"]
[White "The_Machine04"]
[Black "zverr1"]
[Result "1-0"]
[WhiteElo "2705"]
[BlackElo "2515"]
[TimeControl "180+1"]
[EndTime "15:06:26 PDT"]
[Termination "The_Machine04 won on time"]

1. d4 Nf6 2. Nf3 g6 3. Nbd2 d5 4. e3 Bg7 5. b4 O-O 6. c4 a5 7. b5 c5 8. dxc5 Ne4 9. Nxe4 Bxa1 10. cxd5 Bf5 11. Ng3 Bc3+ 12. Bd2 Bb4 13. Nxf5 gxf5 14. Bxb4 axb4 15. Bc4 Nd7 16. Qd4 Qc7 17. c6 Nb6 18. Bb3 Rad8 19. O-O e6 20. Qxb4 Nxd5 21. Bxd5 Rxd5 22. Nd4 bxc6 23. Nxc6 Rd6 24. a4 Ra8 25.
Nd4 Rd5 26. Ra1 Qc5 27. Qxc5 Rxc5 28. g3 e5 29. Nxf5 Rxb5 30. Rc1 Rbb8 31. Rc7 Rf8 32. Rc4 Ra6 33. Kg2 h6 34. a5 Kh7 35. Rc5 Re8 36. g4 Kg6 37. Kg3 h5 38. h3 hxg4 39. hxg4 Kf6 40. Rb5 Ree6 41. Rb8 Rxa5 42. Rh8 e4 43. Kf4 Rxf5+ 44. gxf5 Re8 45. Rxe8 Kg7 46.
Rxe4 1-0

[Event "Late-Titled-Tuesday-Blitz-October-17-2023"]
[Site "Chess.com"]
[Date "2023.10.17"]
[Round "6"]
[White "Baku_Boulevard"]
[Black "DanielDardha2005"]
[Result "1-0"]
[WhiteElo "3018"]
[BlackElo "2897"]
[TimeControl "180+1"]
[EndTime "15:06:30 PDT"]
[Termination "Baku_Boulevard won by checkmate"]

1. e4 c5 2. c3 e5 3. Nf3 Nc6 4. Bc4 Be7 5. d4 cxd4 6. cxd4 exd4 7. Qb3 Na5 8. Bxf7+ Kf8 9. Qb5 Kxf7 10. Qd5+ Kf8 11. Ne5 Bb4+ 12. Bd2 Bxd2+ 13. Nxd2 Nh6 14. Qxd4 d6 15.
Nec4 Nf7 16. O-O Be6 17. Rac1 Nc6 18. Qe3 Rc8 19. Rfd1 Qf6 20. Nf3 Bxc4 21. Rxc4 g6 22. Qb3 Kg7 23. Qxb7 Na5 24. Qxc8 Rxc8 25. Rxc8 Qxb2 26.
Rc7 h6 27. h3 Qe2 28. Rxd6 Qxe4 29. Rdd7 Qf4 30. Nd4 Kg8 31. Rc8+ Kh7 32. Ne6 Qf6 33. Nd8 Qa1+ 34. Kh2 Qe5+ 35. g3 h5 36. Nxf7 Qe2 37. Ng5+ Kh6 38. Rf7 Kxg5 39. h4+ Kh6 40. Rh8# 1-0

[Event "Late-Titled-Tuesday-Blitz-October-17-2023"]
[Site "Chess.com"]
[Date "2023.10.17"]
[Round "6"]
[White "Defend1r"]
[Black "ElenGajger"]
[Result "1-0"]
[WhiteElo "2501"]
[BlackElo "2366"]
[TimeControl "180+1"]
[EndTime "15:06:30 PDT"]
[Termination "Defend1r won by checkmate"]

1. e4 c5 2. Nf3 g6 3. c3 Nf6 4. e5 Nd5 5. Bc4 Nb6 6. Bb3 Bg7 7. d4 cxd4 8. cxd4 O-O 9. Nc3 d6 10. Bf4 dxe5 11. Bxe5 Nc6 12. Bxg7 Kxg7 13. d5 Na5 14. Bc2 Kg8 15. O-O e6 16. dxe6 Bxe6 17. Qc1 Rc8 18. Re1 Qf6 19. Qh6 Qg7 20. Qh4 Nd5 21. Nxd5 Bxd5 22. Be4 Rc4 23. Qe7 Rxe4 24. Rxe4 Nc6 25. Qh4 Bxe4 26. Qxe4 Qxb2 27. Rb1 Qxa2 28. Rxb7 Qa1+ 29.
Rb1 Qf6 30. h4 h5 31. Rc1 Ne7 32. Rc7 Nc8 33. Ng5 Nd6 34. Qd5 Nf5 35. g3 a6 36.
Kg2 Qd6 37. Qb7 a5 38. Rxf7 Rb8 39. Qe4 a4 40. Ra7 a3 41. Qc4+ Kf8 42. Qf7# 1-0

[Event "Late-Titled-Tuesday-Blitz-October-17-2023"]
[Site "Chess.com"]
[Date "2023.10.17"]
[Round "6"]
[White "ljm509"]
[Black "vladislavkovalev"]
[Result "0-1"]
[WhiteElo "2306"]
[BlackElo "2869"]
[TimeControl "180+1"]
[EndTime "15:06:33 PDT"]
[Termination "vladislavkovalev won by resignation"]

1. e4 e5 2. Nf3 Nc6 3. Bc4 Nf6 4.
d3 Bc5 5. O-O d6 6. a4 a6 7. c3 h6 8. Nbd2 Ba7 9. b4 O-O 10.
h3 Be6 11. Re1 Re8 12. Bxe6 Rxe6 13. Nf1 d5 14. Qc2 Qd7 15. exd5 Qxd5 16. Be3 Rd8 17. Rad1 Bb8 18. Ng3 Qd7 19. Ne4 Nxe4 20. dxe4 Rd6 21. Rxd6 Qxd6 22. Nh4 Ne7 23. Bc5 Qf6 24. Bxe7 Qxe7 25.
Nf5 Qd7 26. Qe2 Kh7 27. Qh5 Ba7 28. Ne3 Bxe3 29. Rxe3 Qd1+ 30. Qxd1 Rxd1+ 31. Kh2 b6 32. f3 Kg6 33. Kg3 Rd2 34. c4 Rc2 35. b5 Rxc4 36.
bxa6 Rxa4 37. Rc3 c5 38. Rb3 Rxa6 39. Kg4 Kf6 40. h4 Ke6 41. h5 g6 42. hxg6 fxg6 43. Rb1 Kd6 44. Rh1 c4 45. Rxh6 c3 46. Rh1 b5 47.
Kg5 b4 48. Rb1 c2 49. Rc1 b3 50. Kxg6 Rc6 51. Rxc2 bxc2 0-1

[Event "Late-Titled-Tuesday-Blitz-October-17-2023"]
[Site "Chess.com"]
[Date "2023.10.17"]
[Round "6"]
[White "KaydenTroffChess"]
[Black "Mykola-Bortnyk"]
[Result "1-0"]
[WhiteElo "2834"]
[BlackElo "2975"]
[TimeControl "180+1"]
[EndTime "15:06:34 PDT"]
[Termination "KaydenTroffChess won by resignation"]

1. d4 f5 2. Nf3 Nf6 3. g3 e6 4.
Bg2 d5 5. O-O c6 6. b3 a5 7. c4 Bd6 8. Ba3 O-O 9. Qc2 a4 10. Bxd6 Qxd6 11. Nc3 a3 12. Rab1 Na6 13. c5 Qe7 14. b4 Nc7 15. b5 Bd7 16. bxc6 Bxc6 17.
Ne5 Ne4 18. Rb6 Nxc5 19. dxc5 Qxc5 20. Rxc6 bxc6 21. Nd7 Qc4 22. Nxf8 Kxf8 23. Rc1 Rb8 24. Qd2 Rb2 25. Qg5 h6 26. Qd8+ Ne8 27. Bf3 g6 28. Qd7 e5 29. e3 e4 30. Bd1 Qc5 31. Ba4 Rb6 32. Ne2 Qd6 33. Qxd6+ Nxd6 34. Rxc6 Rb1+ 35. Kg2 Ke7 36. Nf4 g5 37. Nxd5+ Ke6 38. Nc3 Rc1 39.
Ne2 Rxc6 40. Bxc6 Ke5 41. Nd4 Nc4 42. Nc2 f4 43. gxf4+ gxf4 44. exf4+ Kxf4 45. Bd5 Ne5 46. Nxa3 e3 47. fxe3+ Kxe3 48. Nc4+ 1-0

[Event "Late-Titled-Tuesday-Blitz-October-17-2023"]
[Site "Chess.com"]
[Date "2023.10.17"]
[Round "6"]
[White "ToddBryant"]
[Black "Vigg-Sama"]
[Result "0-1"]
[WhiteElo "2311"]
[BlackElo "2205"]
[TimeControl "180+1"]
[EndTime "15:06:34 PDT"]
[Termination "Vigg-Sama won by checkmate"]

1. e4 e5 2. f4 exf4 3. Nf3 Nf6 4. Nc3 d5 5. exd5 Nxd5 6. Nxd5 Qxd5 7. d4 g5 8. Ne5 Nc6 9. Bc4 Qe4+ 10. Kf2 Be6 11. Re1 Qxd4+ 12. Qxd4 Nxd4 13. c3 Nc2 14. Nxf7 Nxe1 15.
Bxe6 Nc2 16. Rb1 Bc5+ 17. Ke2 Ke7 18. Bb3 Rhe8 19. Nh6 Ne3 20. Bxe3 Bxe3 21. Ng4 h5 22. Ne5 Rad8 23. Nd3 Kf6 24. Rd1 c5 25. Bc4 a6 26.
a4 Rb8 27. Kf3 b5 28. axb5 axb5 29. Bd5 Rbd8 30. Be4 c4 31. Nf2 Rxd1 32. Nxd1 g4+ 33. Ke2 Rxe4 34. Nf2 Bxf2+ 35. Kxf2 g3+ 36. Kf3 Re3+ 37.
Kxf4 Re2 38. Kxg3 Rxb2 39. Kf3 b4 40. Ke4 bxc3 41. Ke3 c2 42. Kd2 c1=Q+ 43. Kxc1 Rxg2 44. Kd1 Rxh2 45. Ke1 Rg2 46. Kf1 Rg5 47. Ke1 h4 48. Kf1 h3 49. Ke1 h2 50. Kf1 c3 51. Ke1 Rg2 52.
Kf1 h1=Q# 0-1

[Event "Late-Titled-Tuesday-Blitz-October-17-2023"]
[Site "Chess.com"]
[Date "2023.10.17"]
[Round "6"]
[White "WilliamAlfaroCaracas"]
[Black "Hirna2005"]
[Result "0-1"]
[WhiteElo "2186"]
[BlackElo "2314"]
[TimeControl "180+1"]
[EndTime "15:06:34 PDT"]
[Termination "Hirna2005 won on time"]

1. e4 g6 2. d4 Bg7 3. Nc3 d6 4. Be3 a6 5. Qd2 b5 6. f3 Nd7 7. Nge2 Bb7 8. a3 Rc8 9. d5 c5 10. dxc6 Bxc6 11. Nd4 Bb7 12. Be2 Ne5 13. O-O Nc4 14.
Bxc4 Rxc4 15. a4 b4 16. Nd5 Bxd5 17. exd5 Nf6 18. Nc6 Qc7 19. Nxb4 Rxb4 20. Qxb4 Nxd5 21. Qd2 Nxe3 22. Qxe3 Bxb2 23. Rab1 Be5 24. f4 Bf6 25. Kh1 O-O 26. Qb6 Qxc2 27. Qxa6 d5 28. a5 d4 29. Qb5 Ra8 30. a6 d3 31. a7 Kg7 32. Qb8 Qc6 33.
Rb7 Rxb8 34. axb8=Q d2 35. Rbb1 Bd4 36. Qb5 Qc2 37. Qe2 Bc3 38. Rbd1 e6 39. Qc4 Qb2 40. Qd3 Qb4 41. h3 h5 42. Rf3 Qa4 43. Rdf1 Bb4 44. Qe2 Qc2 45. Rd3 Qc1 46. Qe5+ Kh7 47. Qe2 Kg7 48. Rd7 Bc3 49. Rd1 Qc2 0-1

[Event "Late-Titled-Tuesday-Blitz-October-17-2023"]
[Site "Chess.com"]
[Date "2023.10.17"]
[Round "6"]
[White "Payyappat"]
[Black "wadsy27"]
[Result "1-0"]
[WhiteElo "2498"]
[BlackElo "2645"]
[TimeControl "180+1"]
[EndTime "15:06:37 PDT"]
[Termination "Payyappat won on time"]

1. e4 c5 2. Nf3 e6 3. d4 cxd4 4. Nxd4 Nc6 5. Nc3 Qc7 6. Be3 a6 7. Be2 Nf6 8. O-O Bb4 9. Nxc6 bxc6 10. Bd3 Bxc3 11. bxc3 d5 12. exd5 cxd5 13. Bd4 Bd7 14. f4 Bb5 15. Qf3 h5 16. Qg3 Kf8 17. Be5 Qa7+ 18.
Bd4 Qe7 19. f5 h4 20. Qf4 Bxd3 21. cxd3 Rh5 22. fxe6 fxe6 23. Qg4 Qf7 24. Bxf6 gxf6 25. Rxf6 Qxf6 26. Qxh5 Qxc3 27. Rf1+ Ke7 28. Qf7+ Kd6 29. Qf4+ Kd7 30. Rc1 Qa5 31. Qf7+ Kd6 32. Qf4+ Kd7 33. Qxh4 Qb6+ 34. d4 Re8 35. Qf4 Re7 36. Kh1 Rg7 37. h4 1-0

[Event "Late-Titled-Tuesday-Blitz-October-17-2023"]
[Site "Chess.com"]
[Date "2023.10.17"]
[Round "6"]
[White "Eloist"]
[Black "Maksimus1998"]
[Result "0-1"]
[WhiteElo "2439"]
[BlackElo "2620"]
[TimeControl "180+1"]
[EndTime "15:06:37 PDT"]
[Termination "Maksimus1998 won on time"]

1. e4 c5 2. Nf3 a6 3. g3 b5 4.
Bg2 Bb7 5. Qe2 d6 6. O-O Nf6 7.
e5 dxe5 8. Nxe5 Bxg2 9. Kxg2 e6 10. a4 b4 11. d3 Be7 12. Nd2 O-O 13. Ndc4 Qc7 14. a5 Nbd7 15. Nxd7 Nxd7 16. Bf4 Qc6+ 17. Qf3 Rac8 18. Qxc6 Rxc6 19. Rfe1 f6 20. Bd2 Kf7 21. f4 Re8 22. Re2 Bf8 23. Rae1 Rcc8 24. c3 Nb8 25. g4 Nc6 26. f5 e5 27. g5 Red8 28. Re3 Rb8 29.
Rh3 Kg8 30. Re4 Ne7 31. gxf6 gxf6 32. Rg4+ Kf7 33. Rxh7+ Ke8 34. Nxe5 fxe5 35. f6 Rxd3 36. fxe7 Rxd2+ 37. Kf3 Bxe7 38. Rg8+ Bf8 39. Rxf8+ Kxf8 40. Rh8+ Kf7 41. Rxb8 Rxb2 42. cxb4 cxb4 43. h4 b3 44. h5 Rb1 45. Ke4 b2 46. Rb7+ Kf6 47. Rb6+ Kg5 0-1

[Event "Late-Titled-Tuesday-Blitz-October-17-2023"]
[Site "Chess.com"]
[Date "2023.10.17"]
[Round "6"]
[White "kai_nov"]
[Black "szachmistrz2500"]
[Result "0-1"]
[WhiteElo "2276"]
[BlackElo "2425"]
[TimeControl "180+1"]
[EndTime "15:06:39 PDT"]
[Termination "szachmistrz2500 won on time"]

1. d4 Nf6 2. c4 e6 3. Nc3 d5 4. cxd5 exd5 5. Bg5 c6 6. e3 Bd6 7. Bd3 Nbd7 8. Qc2 Nf8 9. Nf3 Ne6 10. Bh4 h6 11. O-O g5 12. Bg3 Bxg3 13. fxg3 Bd7 14. Ne5 O-O 15. Rxf6 Qxf6 16. Nxd7 Qe7 17.
Nxf8 Rxf8 18. Rf1 Ng7 19. e4 dxe4 20. Bxe4 f5 21. Bd3 Qe3+ 22. Kh1 Qxd4 23. Bxf5 Kh8 24. g4 Qe5 25. Qe4 Qd6 26. h3 Qd2 27. Qe2 Qd4 28.
Rf3 b5 29. Rd3 Qf4 30. Rd7 Nxf5 31. gxf5 Qxf5 32. Rd1 b4 33. Ne4 Re8 34. Re1 Qf4 35. Qd3 Qe5 36. Re2 Qg7 37. Ng3 Rf8 38. Nf5 Qf6 39.
g4 c5 40. Re7 Qxb2 41. Qd6 Qa1+ 42. Kg2 Qxa2+ 43. Kf3 Qb3+ 44. Ke4 Qc4+ 45. Ke5 Qc3+ 46.
Kd5 Qd3+ 47. Kc6 Qxd6+ 48. Kxd6 Rb8 49. Ke6 b3 50. Nd6 Rb6 0-1

[Event "Late-Titled-Tuesday-Blitz-October-17-2023"]
[Site "Chess.com"]
[Date "2023.10.17"]
[Round "6"]
[White "UK_23"]
[Black "midedu"]
[Result "0-1"]
[WhiteElo "2389"]
[BlackElo "2061"]
[TimeControl "180+1"]
[EndTime "15:06:40 PDT"]
[Termination "midedu won by resignation"]

1. e4 c5 2. Nf3 Nc6 3. Bb5 g6 4. O-O Bg7 5. c3 Nf6 6. e5 Nd5 7.
d4 cxd4 8. cxd4 Nc7 9. Be2 d5 10. h3 O-O 11. Nc3 a6 12. Bg5 h6 13. Bf4 Ne6 14. Be3 b5 15. Qd2 Kh7 16. Rac1 Bb7 17. Rfd1 Rc8 18. h4 Na5 19. b3 Nc6 20. Nh2 f5 21. exf6 exf6 22. h5 g5 23. Bd3+ Kh8 24. Bf5 Qd6 25. Ng4 Ne7 26. Qd3 Rcd8 27. g3 Bc8 28. Bg6 Nf4 29. gxf4 gxf4 30. Bd2 Bxg4 31.
Re1 f5 32. f3 Nxg6 33. fxg4 Nh4 34. gxf5 Rxf5 35. Kh1 Rxh5 36. Kg1 Rg8 37. Kf1 Nf5 38. Qf3 Rh4 39. Re2 Nxd4 40. Qf2 Nxe2 41. Nxe2 Rh1+ 42. Kg2 Rxc1 43. Bxc1 Bd4+ 0-1

[Event "Late-Titled-Tuesday-Blitz-October-17-2023"]
[Site "Chess.com"]
[Date "2023.10.17"]
[Round "6"]
[White "GianmarcoVaR"]
[Black "pedromartinez91"]
[Result "1-0"]
[WhiteElo "2705"]
[BlackElo "2523"]
[TimeControl "180+1"]
[EndTime "15:06:44 PDT"]
[Termination "GianmarcoVaR won by resignation"]

1. e4 c5 2. Nf3 Nc6 3. Bb5 Na5 4. Be2 e6 5. O-O Nc6 6. c3 Nf6 7. e5 Nd5 8. d4 cxd4 9. cxd4 d6 10. Nbd2 dxe5 11.
dxe5 Nf4 12. Bb5 Qb6 13. Qa4 Nd5 14. Nc4 Qc7 15. Bxc6+ Qxc6 16. Qxc6+ bxc6 17. Bd2 h6 18. Rfc1 Bd7 19. Ba5 Be7 20. Nfd2 f5 21. Nd6+ Kf8 22. N2c4 g5 23. Rc2 Kg7 24. Re1 Rhb8 25. Nd2 g4 26.
Nb3 Rxb3 27. axb3 Rb8 28. Ra1 Rxb3 29. Be1 Bxd6 30. exd6 Rb7 31. Bc3+ Kf7 32. Bd4 Nb6 33. Rc5 Nc8 34. Be5 h5 35. h3 Ke8 36. Kh2 h4 37. Ra4 Nb6 38. Rb4 Bc8 39. hxg4 fxg4 40. Rxg4 Nd5 41. Rg8+ Kd7 42. Rg7+ Kd8 43. Rxb7 Bxb7 44.
Rc4 Kd7 45. Rxh4 c5 46. Rh7+ Kc6 47. d7 1-0

[Event "Late-Titled-Tuesday-Blitz-October-17-2023"]
[Site "Chess.com"]
[Date "2023.10.17"]
[Round "6"]
[White "Binary010"]
[Black "rasmussvane"]
[Result "0-1"]
[WhiteElo "2809"]
[BlackElo "2981"]
[TimeControl "180+1"]
[EndTime "15:06:45 PDT"]
[Termination "rasmussvane won on time"]

1. e4 c6 2. d4 d5 3. e5 Bf5 4.
Nf3 e6 5. Be2 Nd7 6. c3 h6 7.
O-O a5 8. a4 Ne7 9. Na3 Bh7 10.
Nc2 c5 11. dxc5 Nc6 12. c4 dxc4 13. Na3 Ndxe5 14. Nxe5 Nxe5 15. Nxc4 Nxc4 16. Bxc4 Qxd1 17. Rxd1 Bxc5 18. Bb5+ Kf8 19. Bf4 b6 20. Rd7 Bf5 21. Be5 f6 22. Bd6+ Bxd6 23. Rxd6 Rb8 24. Rc1 Kf7 25. Rc7+ Kg6 26. Rdd7 Rhg8 27. f3 h5 28. Bc4 Rbd8 29. Re7 Rd1+ 30. Kf2 Rd2+ 31. Kf1 Rxb2 32. Bxe6 Bxe6 33. Rxe6 Rd8 34. Ke1 Rxg2 35. Rxb6 Rxh2 36. Rbb7 Rg8 37. Rc5 h4 38. Rxa5 Re8+ 39. Kf1 Rc8 40. Kg1 Rd2 41. Rb1 Rcc2 42. Rab5 Rg2+ 43. Kh1 Rh2+ 44. Kg1 Rcg2+ 45. Kf1 h3 0-1

[Event "Late-Titled-Tuesday-Blitz-October-17-2023"]
[Site "Chess.com"]
[Date "2023.10.17"]
[Round "6"]
[White "morte-negra"]
[Black "nitpicker"]
[Result "0-1"]
[WhiteElo "1962"]
[BlackElo "2239"]
[TimeControl "180+1"]
[EndTime "15:06:45 PDT"]
[Termination "nitpicker won on time"]

1. e4 c5 2. Nf3 Nc6 3. d4 cxd4 4. Nxd4 Nf6 5. Nc3 d6 6. Be3 e5 7. Nb3 h6 8. f3 Be6 9. Qd2 Be7 10. g4 d5 11.
exd5 Nxd5 12. Nxd5 Qxd5 13. Qe2 Bxg4 14. Bg2 Bf5 15.
O-O O-O 16. Rad1 Qe6 17. Nc5 Qg6 18. Kh1 Rfe8 19. Ne4 b6 20. Rg1 Qe6 21. b3 Rac8 22. c3 Bh7 23. Rdf1 Red8 24. f4 f5 25. Ng3 exf4 26. Bxf4 Qxe2 27. Nxe2 Bc5 28. Bxh6 Bxg1 29. Rxg1 Rd7 30. Bf4 Nd8 31. Nd4 Kf7 32. Be5 g5 33. c4 Ne6 34. Bd5 Rxd5 35. cxd5 Nxd4 36. Bxd4 g4 37. Rf1 Rd8 38. Re1 Rxd5 39. Ba1 f4 40.
Re5 Rd1+ 0-1